AoeStats
← squad_leader999

Enclosed

506118494Analyzed
1v1 RM · 18d ago on Sep 12, 2026· 22m 11s· 2 players
Game mode
Random Map
Map size
Tiny (2 player)
Population
200
Speed
Normal
Resources
Standard
Victory
Conquest
Starting age
Dark Age
Ending age
Imperial Age
RankedLock teamsTeams togetherTeam positionsShared explorationLock speedFull tech treeHidden civsTurbo modeCheats
Victory
Defeat
🇺🇸 Tupi · United States
1113
+15
🇸🇦 Mongols · Saudi Arabia
1088
-15
squad_leader999
11:49 Feudal Age
11:22 Loom
12:58 Double-Bit Axe
18:16 Castle Age
16:36 Horse Collar
17:04 Man-at-Arms
18:25 Bloodlines
20:51 Scale Barding Armor
Kazule
8:11 Loom
10:30 Feudal Age
14:47 Castle Age
13:08 Fletching
13:53 Double-Bit Axe
17:34 Bodkin Arrow
20:12 Bow Saw
Connection lost

Rejoining the realm…

Still unreachable

The connection could not be restored.

Session expired

The server has moved on; the page needs a fresh start.